AoeStats
← Cheonma

Runestones

508461893Analyzed
1v1 RM · 10d ago on Sep 22, 2026· 25m 35s· 2 players
Game mode
Random Map
Map size
Tiny (2 player)
Population
200
Speed
Normal
Resources
Standard
Victory
Conquest
Starting age
Dark Age
Ending age
Imperial Age
RankedLock teamsTeams togetherTeam positionsShared explorationLock speedFull tech treeHidden civsTurbo modeCheats
Victory
Defeat
🇦🇷 Cumans · Argentina
1100
+17
🇨🇳 Random · China
1113
-17
Cheonma
5:56 Loom
9:02 Feudal Age
11:19 Double-Bit Axe
15:21 Fletching
23:45 Castle Age
22:08 Horse Collar
22:48 Padded Archer Armor
23:12 Forging
23:12 Gold Mining
24:32 Bloodlines
23:48 Crossbowman
26:14 Thumb Ring
秦心酱是最强的
6:29 Loom
9:57 Feudal Age
13:32 Wheelbarrow
17:23 Castle Age
16:22 Fletching
16:27 Double-Bit Axe
18:40 Bodkin Arrow
20:04 Scale Mail Armor
20:31 Gambesons
21:46 Gambesons
Connection lost

Rejoining the realm…

Still unreachable

The connection could not be restored.

Session expired

The server has moved on; the page needs a fresh start.